 Dungeon Crawl Stone Soup version 0.27.0-1-g7a089689b8 (webtiles) character file.

Game seed: 7165207420335570695

1544 pkoi the Grappler (level 8, -6/75 HPs)
             Began as a Troll Monk on Aug 6, 2021.
             Was a High Priest of Fedhas.
             Mangled by an orc priest (8 damage)
             ... on level 6 of the Dungeon.
             The game lasted 00:04:50 (4702 turns).

pkoi the Grappler (Troll Monk)                      Turns: 4702, Time: 00:04:50

Health: -6/75      AC:  4    Str: 22    XL:     8   Next: 56%
Magic:  10/10      EV: 10    Int:  6    God:    Fedhas [*****.]
Gold:   237        SH:  0    Dex: 12    Spells: 7/7 levels left

rFire    . . .     SeeInvis .     - Unarmed
rCold    . . .     Faith    .   (no shield)
rNeg     . . .     Spirit   .   a - +0 robe
rPois    .         Reflect  .   (helmet restricted)
rElec    .         Harm     .   (no cloak)
rCorr    .         Rampage  .   (gloves unavailable)
Will     .....                  (boots unavailable)
Stlth    ++........             (no amulet)
HPRegen  1.22/turn              (no ring)
MPRegen  0.12/turn              (no ring)

@: mighty, lethally poisoned (-6 -> -16), very slightly contaminated, invisible
A: large, unfitting armour, claws 3, regeneration 1, shaggy fur 1, tough skin 1
a: Renounce Religion, Wall of Briars, Grow Ballistomycete, Overgrow, Grow Oklob


You were on level 6 of the Dungeon.
You worshipped Fedhas.
Fedhas was extremely pleased with you.
You visited 2 branches of the dungeon, and saw 8 of its levels.

You collected 237 gold pieces.

Inventory:

Missiles
 e - a throwing net (quivered)
 l - 58 poisoned darts
Armour
 a - a +0 robe (worn)
 q - a +0 cloak
Jewellery
 g - an amulet of faith
Wands
 t - a wand of flame (23)
Scrolls
 f - a scroll of amnesia {unknown}
 i - 6 scrolls of identify {unknown}
 k - 2 scrolls of teleportation {unknown}
 n - a scroll of enchant weapon
 o - a scroll of enchant armour {unknown}
 p - a scroll of fear {unknown}
 s - a scroll of noise {unknown}
Potions
 b - 3 potions of curing {unknown}
 c - 2 potions of ambrosia {unknown}
 d - 2 potions of haste {unknown}
 h - 2 potions of lignification {unknown}
 j - a potion of cancellation {unknown}
 m - a potion of magic {unknown}
 r - 3 potions of flight {unknown}


   Skills:
 + Level 3.5 Fighting
 + Level 3.5 Dodging
 - Level 1.0 Stealth
 + Level 9.1 Unarmed Combat
 + Level 4.3 Invocations


You had 7 spell levels left.
You didn't know any spells.
Your spell library contained the following spells:

 Spells                   Type           Power      Damage    Failure   Level
 Stone Arrow              Conj/Erth      0%         3d7       83%         3
 Animate Armour           Summ/Erth      0%         N/A       99%         4
 Lehudib's Crystal Spear  Conj/Erth      0%         10d2      100%        8


Dungeon Overview and Level Annotations

Branches:
Dungeon (7/15)             Temple (1/1) D:5

Altars:
Cheibriados
Elyvilon
Fedhas
Gozag
Hepliaklqana
Makhleb
Okawaru
Qazlal
Ru
Sif Muna
Trog
Uskayaw
Vehumet
Wu Jian
Yredelemnul
Zin
The Shining One

Shops:
D:1 [


Innate Abilities, Weirdness & Mutations

You are too large for most types of armour.
You have claws for hands.
Your natural rate of healing is unusually fast.
You are covered in fur. (AC +1)
You have tough skin. (AC +1)


Message History

The orc hits you but does no damage.
Unknown command.
You closely miss the orc. Your claw misses the orc.
You feel sick.
The orc wizard hits you but does no damage.
You are more poisoned.
The orc priest hits you with a +0 flail.
Unknown command.
You're too confused to move!
You feel less confused.
You feel very sick. The orc hits you but does no damage.
The orc priest hits you but does no damage.
The orc wizard hits you with a +0 dagger of venom.
* * * LOW HITPOINT WARNING * * *
You are more poisoned.
The orc priest hits you with a +0 flail.
* * * LOW HITPOINT WARNING * * *
Unknown command.
Unknown command.
It was a potion of invisibility.
You fade into invisibility!
You feel very sick. The orc priest hits you with a +0 mace.
* * * LOW HITPOINT WARNING * * *
The orc barely misses you.
The orc wizard hits you but does no damage.
You are lethally poisoned!
The orc priest hits you with a +0 flail.
* * * LOW HITPOINT WARNING * * *
You are very lightly contaminated with residual magic.
It was a potion of might.
You feel very mighty all of a sudden.
* * * LOW HITPOINT WARNING * * *
You feel very sick. The orc priest hits you with a +0 mace.
* * * LOW HITPOINT WARNING * * *
The orc closely misses you. The orc wizard misses you.
The orc priest hits you with a +0 flail!
You die...
Fedhas appreciates your contribution to the ecosystem.

#)# #######........#
#.#######........#..##.#
#..)....'........##.##.#
#########........##.##.#
#........##.##.#
#........##..#..
#####........###.###
#####...########.......<
#.....o@.###########..##
#######.###.ooo#......########
#.......# #..)?#.######.†.#...
#.#########....#.# ###.##(##.
#.##.....##....#.# #_##.##.##
#..'.....#####.#.# ##.##.##.#
####.....#####.#.# ####..###..
#####.....#.#.# #..########
#####.#.#.# #.....+....


You could see 2 orc priests, an orc wizard and an orc.

Vanquished Creatures
  Grinder (D:4)
  Prince Ribbit (D:5)
  2 sky beasts
  3 ogres
  A kobold brigand (D:6)
  4 scorpions
  4 hounds
  3 iguanas
  A killer bee zombie (D:6)
  A howler monkey zombie (D:5)
  5 adders
  An adder zombie (D:5)
  A worm (D:2)
  8 dart slugs
  3 orcs (D:6)
  5 bats
  7 endoplasms
  2 giant cockroaches
  4 goblins
  10 hobgoblins
  9 jackals
  16 kobolds
  4 quokkas
  6 ball pythons
  4 frilled lizards
  9 rats
  A spectral hobgoblin (D:4)
116 creatures vanquished.

Notes
Turn   | Place    | Note
-------+----------+-------------------------------------------
     0 | D:1      | pkoi the Troll Monk began the quest for the Orb.
     0 | D:1      | Reached XP level 1. HP: 22/22 MP: 0/0
    35 | D:1      | Found a faded altar of an unknown god.
    43 | D:1      | Became a worshipper of Fedhas Madash
    43 | D:1      | Reached * piety under Fedhas
    43 | D:1      | Reached ** piety under Fedhas
    59 | D:1      | Reached XP level 2. HP: 28/29 MP: 1/1
    61 | D:1      | Found Tigieset's Antique Armour Shop.
   141 | D:1      | Reached *** piety under Fedhas
   233 | D:1      | Reached skill level 4 in Unarmed Combat
   266 | D:1      | Reached XP level 3. HP: 36/36 MP: 2/2
   932 | D:2      | Reached **** piety under Fedhas
   983 | D:2      | Reached skill level 5 in Unarmed Combat
   983 | D:2      | Reached XP level 4. HP: 40/44 MP: 3/3
  2211 | D:4      | Reached XP level 5. HP: 48/50 MP: 4/4
  2274 | D:4      | Reached skill level 6 in Unarmed Combat
  2435 | D:4      | You fall into a shaft and drop 3 floors!
  2465 | D:7      | Noticed an ogre
  2473 | D:7      | Killed an ogre
  2474 | D:7      | Reached XP level 6. HP: 11/59 MP: 5/5
  2527 | D:6      | Reached skill level 7 in Unarmed Combat
  2831 | D:6      | Reached skill level 1 in Invocations
  2858 | D:6      | Reached XP level 7. HP: 65/66 MP: 5/7
  2883 | D:6      | Found a snail-covered altar of Cheibriados.
  2919 | D:5      | Entered Level 5 of the Dungeon
  3046 | D:4      | Reached ***** piety under Fedhas
  3051 | D:4      | Noticed Grinder
  3072 | D:4      | Killed Grinder
  3073 | D:4      | Reached skill level 8 in Unarmed Combat
  3213 | D:4      | Found a hazy altar of Hepliaklqana.
  3399 | D:5      | Found a white marble altar of Elyvilon.
  3402 | D:5      | Found an ornate altar of the Wu Jian Council.
  3406 | D:5      | Found a burning altar of Makhleb.
  3434 | D:5      | Noticed Prince Ribbit
  3444 | D:5      | Killed Prince Ribbit
  3445 | D:5      | Reached XP level 8. HP: 62/74 MP: 9/9
  3484 | D:5      | Found a glowing silver altar of Zin.
  3695 | D:5      | Found a hide-covered altar of Uskayaw.
  3704 | D:5      | Found an iron altar of Okawaru.
  3799 | D:5      | Found a staircase to the Ecumenical Temple.
  4054 | Temple   | Entered the Ecumenical Temple
  4412 | D:6      | Reached skill level 9 in Unarmed Combat
  4702 | D:6      | HP: 3/75 [poisoned by an orc wizard]
  4702 | D:6      | Mangled by an orc priest

Illustrated notes

Levels and vault maps discovered:
D:1:      minmay_arrival_plants_in_alcoves, layout_basic, serial_shops, shop,
          ebering_ecumenical_altar_box, minmay_indecisive_spiral
D:2:      layout_basic
D:3:      kennysheep_slugbush, layout_basic, minmay_three_crescents
D:4:      layout_rooms, nicolae_hepliaklqana_monster_ancestors, uniq_grinder
D:5:      layout_loops_ring, nicolae_overflow_crystal_walls,
          grunt_temple_overflow_diamond, minitemple,
          minmay_temple_entry_nine_rooms, hangedman_abyss_or_decor_passed,
          uniq_prince_ribbit1
D:6:      layout_basic, marbit_many_paths, st_stairs_6
D:7:      layout_layer_cave, xom_butterflies, minmay_misc_feat_tiny,
          kennysheep_decorative_pillar
Temple:   compressed_dpeg_triangle_lava_temple

Skill      XL: |  1  2  3  4  5  6  7  8 |
---------------+-------------------------+-----
Unarmed Combat | 4 5 6 7 8 9 |  9.1
Invocations    | 1 3 4 |  4.3
Fighting       | 3 |  3.5
Dodging        | 3 |  3.5
Stealth        | |  1.0

Action                   |  1- 3 |  4- 6 |  7- 9 || total
-------------------------+-------+-------+-------++-------
Melee: Unarmed           |   122 |   104 |   114 ||   340
       Punch             |     3 |     2 |     5 ||    10
  Use: Scroll            |       |     5 |       ||     5
       Potion            |       |       |     2 ||     2
 Stab: Sleeping          |     1 |     2 |     3 ||     6
Armor: Robe              |    41 |    25 |    23 ||    89
Dodge: Dodged            |    67 |    58 |    41 ||   166
